 Dungeon Crawl Stone Soup version 0.31-a0-232-gb1c03b2570 (webtiles) character file.

Game seed: 13808531623347124308

540 qw the Shooter (level 7, -1/59 HPs)
             Began as a Minotaur Hexslinger on July 7, 2023.
             Slain by an ogre
             ... wielding a +0 giant spiked club
              (31 damage)
             ... on level 5 of the Dungeon.
             The game lasted 00:01:23 (3504 turns).

qw the Shooter (Minotaur Hexslinger)                Turns: 3504, Time: 00:01:23

Health: -1/59      AC:  8    Str: 12    XL:     7   Next: 5%
Magic:  7/7        EV: 11    Int: 10    God:
Gold:   159        SH:  0    Dex: 15    Spells: 7/8 levels left

rFire   + . .        Y - +2 sling (flame)
rCold   . . .        (no shield)
rNeg    . . .        k - +1 ring mail {rF+}
rPois   .            h - +2 hat
rElec   .            m - scarf {repulsion}
rCorr   .            (no gloves)
SInv    .            (no boots)
Will    +....        b - amulet of faith
Stlth   +            g - ring of willpower
HPRegen 0.29/turn    (no ring)
MPRegen 0.10/turn

%: repel missiles, faith
@: no status effects
A: horns 2, retaliatory headbutt
a: no special abilities


You were on level 5 of the Dungeon.
You visited 1 branch of the dungeon, and saw 5 of its levels.

You collected 159 gold pieces.


Innate Abilities, Weirdness & Mutations

You have a pair of horns on your head.
You reflexively headbutt those who attack you in melee.


   Skills:
 - Level 4.1 Fighting
 + Level 7.5 Ranged Weapons
 - Level 1.0 Armour
 - Level 2.1 Dodging
 - Level 1.0 Spellcasting
 - Level 2.0 Hexes


You had 7 spell levels left.
You knew the following spells:

 Your Spells              Type           Power      Damage    Failure   Level
a - Slow                  Hex            16%        N/A       34%         1

Your spell library contained the following spells:

 Spells                   Type           Power      Damage    Failure   Level
 Inner Flame              Hex/Fire       2%         N/A       83%         3
 Portal Projectile        Hex/Tloc       4%         N/A       83%         3
 Cause Fear               Hex            2%         N/A       98%         4

Inventory:

Hand Weapons
 Y - a +2 sling of flaming (weapon)
Armour
 h - a +2 hat (worn)
 k - a +1 ring mail of fire resistance (worn)
 m - a scarf of repulsion (worn)
Jewellery
 b - an amulet of faith (around neck)
 g - a ring of willpower (left hand)
Scrolls
 e - a scroll of identify
Potions
 a - a potion of ambrosia {unknown}
 c - a potion of might {unknown}
 d - a potion of heal wounds {unknown}
 f - a potion of haste {unknown}
 i - a potion of curing

Dungeon Overview and Level Annotations

Branches:
Dungeon (5/15)
 Temple: D:4-7

Altars:
Kikubaaqudgha
Xom
Zin

Shops:
D:5 [

Annotations:
D:4 3 runed translucent doors, qw's ghost, amateur MiHs


Message History

You shoot a sling bullet. The sling bullet barely misses the orc.
The sling bullet hits the orc.
The sling bullet burns the orc.
The orc is severely wounded.
You shoot a sling bullet. The sling bullet hits the orc.
The sling bullet burns the orc.
You kill the orc!
You shoot a sling bullet. The sling bullet barely misses the orc.
The sling bullet closely misses the orc.
You shoot a sling bullet. The sling bullet hits the orc.
The sling bullet burns the orc.
You kill the orc!
You shoot a sling bullet. The sling bullet hits the ogre.
The sling bullet burns the ogre.
The ogre is lightly wounded.
An orc comes into view. It is wielding a +0 flail.
The ogre closely misses you.
You shoot a sling bullet. The sling bullet hits the ogre.
The sling bullet burns the ogre.
The ogre is moderately wounded.
The orc hits you but does no damage.
The ogre hits you with a +0 giant spiked club!
The orc hits you but does no damage.
You shoot a sling bullet.
The sling bullet barely misses the ogre.
The orc closely misses you.
The ogre hits you with a +0 giant spiked club!
You shoot a sling bullet.
The sling bullet barely misses the ogre.
The orc hits you with a +0 dagger.
You shoot a sling bullet.
The sling bullet hits the ogre but does no damage.
The ogre is moderately wounded.
The ogre misses you. You furiously retaliate!
You headbutt the ogre. The orc hits you with a +0 dagger.
You shoot a sling bullet. The sling bullet hits the ogre!
The sling bullet burns the ogre.
The ogre is severely wounded.
The ogre hits you with a +0 giant spiked club!!
Ouch! That really hurt!
You die...

. # #. # #\#.#####
.# .......##.#
#.#........##.#
#......o......#
#>...Oo).# #.. #@#
# #...#.#
#.#...#.##
.........#
......#..#
..###....#
#.#..#########.#
##..............#
#...)....%.########


You could see an ogre and 2 orcs.

Vanquished Creatures
  An ogre (D:5)
  2 scorpions (D:5)
  A hound (D:4)
  3 orc priests (D:3)
  Terence (D:1)
  2 orc wizards
  3 adders
  3 worms
  18 orcs
  6 bats
  9 endoplasms
  5 giant cockroaches
  7 goblins
  2 hobgoblins
  3 jackals (D:4)
  11 kobolds
  4 quokkas
  4 ball pythons
  3 frilled lizards
  13 rats
101 creatures vanquished.

Notes
Turn   | Place    | Note
-------+----------+-------------------------------------------
     0 | D:1      | qw the Minotaur Hexslinger began the quest for the Orb.
     0 | D:1      | Reached XP level 1. HP: 16/16 MP: 1/1
     0 | D:1      | 0 ||| qw: Version: 0.3-a-46-gb1f654a
     0 | D:1      | 0 ||| qw: Game counter: 2241
     0 | D:1      | 0 ||| qw: Melee chars always use a shield: true
     0 | D:1      | 0 ||| qw: God list: Okawaru
     0 | D:1      | 0 ||| qw: Allow faded altars: false
     0 | D:1      | 0 ||| qw: Do Orc after clearing Dungeon:15 true
     0 | D:1      | 0 ||| qw: Do second Lair branch before Depths: true
     0 | D:1      | 0 ||| qw: Lair rune preference: random
     0 | D:1      | 0 ||| qw: Goals: Normal
     0 | D:1      | 0 ||| PLANNING D:1-11
   134 | D:1      | Found a faded altar of an unknown god.
   198 | D:1      | Reached skill level 3 in Ranged Weapons
   205 | D:1      | Reached XP level 2. HP: 23/23 MP: 2/2
   798 | D:1      | 798 ||| UPGRADING to +0 leather armour.
   808 | D:1      | 808 ||| DROPPING +0 robe.
   809 | D:1      | 809 ||| UPGRADING to +1 ring mail of fire resistance.
   819 | D:1      | 819 ||| DROPPING +0 leather armour.
   820 | D:1      | 820 ||| UPGRADING to ring of willpower.
   821 | D:1      | 821 ||| READING scroll labelled QUCWOIN EX FOS.
   822 | D:1      | 822 ||| READING 2 scrolls labelled SAEGUT GUMNAN.
   823 | D:1      | 823 ||| READING scroll labelled UREJOVV AFIAN.
   824 | D:1      | 824 ||| DROPPING scroll of poison.
   825 | D:1      | 825 ||| DROPPING scroll of fear.
   852 | D:2      | Noticed Terence
   864 | D:2      | 864 ||| STAIRDANCE
   867 | D:1      | HP: 6/24 [Terence/+0 hand axe (8)]
   871 | D:1      | Killed Terence
   872 | D:1      | Reached skill level 4 in Ranged Weapons
   872 | D:1      | Reached XP level 3. HP: 7/29 MP: 3/3
  1090 | D:2      | Reached skill level 1 in Armour
  1109 | D:2      | Identified the +8 whip of Pestilence {freeze, rF+ Str+3
                  | Dex+3}
  1378 | D:2      | Reached XP level 4. HP: 36/36 MP: 4/4
  1629 | D:2      | 1629 ||| UPGRADING to +2 hat.
  1634 | D:2      | 1634 ||| READING scroll labelled WIVI XUDAMP.
  1635 | D:2      | 1635 ||| READING 2 scrolls labelled GOELIMEDAE.
  1636 | D:2      | 1636 ||| READING scroll labelled FAMNAU ISINN.
  1637 | D:2      | 1637 ||| READING scroll labelled XOTOJU WITUCU.
  1640 | D:2      | 1640 ||| DRINKING 2 bubbling brown potions.
  1641 | D:2      | 1641 ||| DROPPING scroll of noise.
  1681 | D:3      | Reached skill level 5 in Ranged Weapons
  1688 | D:3      | Reached XP level 5. HP: 17/42 MP: 5/5
  1857 | D:3      | Reached skill level 3 in Fighting
  1958 | D:3      | Found a glowing silver altar of Zin.
  2008 | D:3      | Found an ancient bone altar of Kikubaaqudgha.
  2124 | D:3      | 2124 ||| FLEEEEING.
  2125 | D:3      | 2125 ||| FLEEEEING.
  2126 | D:3      | 2126 ||| FLEEEEING.
  2127 | D:3      | 2127 ||| FLEEEEING.
  2128 | D:3      | 2128 ||| FLEEEEING.
  2129 | D:3      | 2129 ||| FLEEEEING.
  2141 | D:3      | 2141 ||| FLEEEEING.
  2142 | D:3      | 2142 ||| FLEEEEING.
  2143 | D:3      | 2143 ||| FLEEEEING.
  2148 | D:3      | 2148 ||| FLEEEEING.
  2149 | D:3      | 2149 ||| FLEEEEING.
  2151 | D:3      | 2151 ||| STAIRDANCE
  2166 | D:2      | 2166 ||| READING scroll labelled ALILAT DYVOT.
  2167 | D:2      | 2167 ||| READING 2 scrolls of identify.
  2167 | D:2      | 2167 ||| IDENTIFYING brown potion
  2168 | D:2      | 2168 ||| DROPPING potion of invisibility.
  2173 | D:3      | Reached skill level 6 in Ranged Weapons
  2528 | D:4      | Found a shimmering altar of Xom.
  2528 | D:4      | Found a shimmering altar of Xom.
  2541 | D:4      | Found a shimmering altar of Xom.
  2726 | D:4      | Reached XP level 6. HP: 51/52 MP: 6/6
  3092 | D:4      | Found a runed translucent gate.
  3126 | D:4      | Found a runed translucent gate.
  3126 | D:4      | Found a runed translucent gate.
  3127 | D:4      | Noticed qw's ghost (amateur MiHs)
  3176 | D:4      | 3176 ||| UPGRADING to scarf of repulsion.
  3181 | D:4      | 3181 ||| UPGRADING to amulet of faith.
  3186 | D:4      | 3186 ||| READING scroll labelled RESOOKHL PAEMO.
  3219 | D:5      | Entered Level 5 of the Dungeon
  3242 | D:5      | HP: 8/52 [ogre/+0 giant spiked club (23)]
  3243 | D:5      | 3243 ||| READING scroll of teleportation.
  3414 | D:5      | Reached skill level 7 in Ranged Weapons
  3460 | D:5      | Reached XP level 7. HP: 53/59 MP: 7/7
  3493 | D:5      | Found Gyvixe's Antique Armour Boutique.
  3504 | D:5      | Slain by an ogre

Levels and vault maps discovered:
D:1:      dpeg_arrival_ratfight, layout_basic, shapermc_ecumenical_altar_petra,
          amcnicky_mini_rare_corridor_liquid, serial_bayou_pond_e,
          minmay_distorted
D:2:      minmay_angry_zag, layout_loops_cross, eino_tiny_chamber, uniq_terence
D:3:      layout_basic, mainiacjoe_overflow_cross_hatched, marbit_many_paths
D:4:      layout_cave_pods, xom_redecorated, gammafunk_ghost_nasty_kobolds,
          hangedman_abyss_or_decor_slice
D:5:      layout_loops_ring, mainiacjoe_overflow_alcove_2, kennysheep_mini,
          serial_shops, shop

Skill      XL: |  1  2  3  4  5  6 |
---------------+-------------------+-----
Ranged Weapons | 3 4 5 6 7 |  7.5
Fighting       | 2 3 4 |  4.1
Armour         | 1 |  1.0
Dodging        | |  2.1
Spellcasting   | |  1.0
Hexes          | |  2.0

Action                     |  1- 3 |  4- 6 |  7- 9 || total
---------------------------+-------+-------+-------++-------
   Fire: Sling             |   110 |   172 |    13 ||   295
    Use: Scroll            |     3 |     8 |       ||    11
         Potion            |       |     1 |       ||     1
 Armour: Robe              |     5 |       |       ||     5
         Ring mail         |    11 |    26 |     2 ||    39
  Dodge: Dodged            |    34 |    54 |     3 ||    91

Table legend:
 A = Non-vault XP
 B = Vault XP
 C = Vault XP percentage of total XP
 D = Non-vault monster count
 E = Vault monster count
 F = Vault count percentage of total count
                 A         B        C        D         E       F
            +---------+---------+-------+---------+---------+-------
      Total |     716 |      56 |   7.3 |      85 |      16 |  15.8
            +---------+---------+-------+---------+---------+-------
        D:1 |      23 |      45 |  66.2 |      14 |       8 |  36.4
        D:2 |      45 |      10 |  18.2 |      18 |       7 |  28.0
        D:3 |     218 |       1 |   0.5 |      24 |       1 |   4.0
        D:4 |     131 |       0 |   0.0 |      22 |       0 |   0.0
        D:5 |     299 |       0 |   0.0 |       7 |       0 |   0.0
            +---------+---------+-------+---------+---------+-------
